AoeStats
← _Heandres_

Arabia

516632142Analyzed
1v1 RM · 9d ago on Oct 27, 2026· 45m 33s· 2 players
Game mode
Random Map
Map size
Tiny (2 player)
Population
200
Speed
Normal
Resources
Standard
Victory
Conquest
Starting age
Dark Age
Ending age
Imperial Age
RankedLock teamsTeams togetherTeam positionsShared explorationLock speedFull tech treeHidden civsTurbo modeCheats
Victory
Defeat
🇨🇴 Poles · Colombia
1484
+15
vs
🇸🇻 Ethiopians · El Salvador
1456
-15
Vi3jaESA503
7:17 Loom
9:32 Feudal Age
10:25 Double-Bit Axe
18:59 Fletching
23:12 Castle Age
22:10 Scale Mail Armor
23:14 Crossbowman
23:51 Bodkin Arrow
29:25 Forging
31:14 Horse Collar
31:25 Gold Mining
31:47 Bow Saw
32:25 Wheelbarrow
38:00 Imperial Age
38:17 Squires
39:47 Chemistry
38:48 Bracer
39:59 Chain Mail Armor
39:12 Arbalester
42:23 Plate Mail Armor
44:24 Town Watch
45:45 Iron Casting
_Heandres_
5:59 Loom
8:53 Feudal Age
10:43 Double-Bit Axe
19:17 Bloodlines
20:13 Scale Barding Armor
20:47 Forging
21:51 Fletching
25:22 Castle Age
26:45 Chain Barding Armor
28:11 Gold Mining
30:33 Bow Saw
31:30 Bodkin Arrow
34:05 Szlachta Privileges
35:47 Wheelbarrow
34:57 Town Watch
35:59 Horse Collar
40:32 Imperial Age
39:26 Padded Archer Armor
38:47 Elite Skirmisher
40:09 Town Patrol
40:24 Hand Cart
41:03 Ballistics
41:21 Leather Archer Armor
40:55 Cavalier
41:37 Bracer
42:49 Husbandry
43:28 Conscription
43:57 Thumb Ring
Connection lost

Rejoining the realm…

Still unreachable

The connection could not be restored.

Session expired

The server has moved on; the page needs a fresh start.